Elrinda, chaotic female elven Priestess ----------- |..........# |.........|# ------- |.........|# #......| |.........|# #|.....| |.........|# ##......| |.........|# ##|<....| -----------# ####|...|.| # # #---.--- # # # # # # # # # # # # ################ # # #------#### # #-S{..|########## |@S...## -|--- |....|) |..^.###### |....-# |...| ------ ----- Elrinda the Acolyte Experience level: 3 Strength: 10 Dexterity: 11 Constitution: 13 Intelligence: 11 Wisdom: 18 Charisma: 12 Health: 0(19) Energy: 43(43) Def: 7 Gold: 527 Moves: 1742 Dungeon seed: KjK_4tJFF69OFtz- Game ID: Elrinda_1477109400 Your Inventory: Coins $ - 527 gold pieces Amulets K - an amulet versus poison (being worn) Weapons a - a blessed corroded +1 mace (weapon in hand) p - a +0 dart s - a poisoned +0 dart A - a +0 orcish dagger Armor e - a +0 robe (being worn) n - a blessed +0 small shield (being worn) y - a +0 leather armor (being worn) N - a +1 orcish helm (being worn) Comestibles d - a sprig of wolfsbane Scrolls j - 2 scrolls of destroy armor m - a scroll of gold detection o - a scroll of remove curse u - a cursed scroll of magic mapping z - a scroll of confuse monster B - a blessed scroll of remove curse M - a scroll of enchant armor Potions b - 3 potions of holy water v - a potion of gain ability C - a cursed potion of full healing G - a potion of blindness O - a potion of restore ability Tools h - a wooden flute Gems q - a jet stone r - 2 worthless pieces of red glass Y - a worthless piece of yellowish brown glass Spells and supernatural/magical abilities: Name Level Category Fail Memory p - protection 1 clerical 0% 97% r - remove curse 3 clerical 0% 92% G - detect treasure 4 divination 99% 97% O - create monster 2 clerical 0% 92% W - pray for help -- divine ? -- X - turn undead -- divine ? -- Your skills at the end: Fighting Skills wands [Basic] Weapon Skills mace [Basic] Spellcasting Skills clerical spells [Basic] Final Attributes: You were piously aligned. You were poison resistant. You saw invisible. You had infravision. You are dead. Vanquished creatures: a werejackal 2 acid blobs a giant rat a green mold a red mold 2 geckos 2 jackals a fox a kobold 3 goblins a sewer rat 2 grid bugs 2 lichens a kobold zombie 7 newts 28 creatures vanquished. Voluntary challenges: You used a wielded weapon 27 times, starting on turn 365. You read items or engraved 29 times, starting on turn 54. You never genocided any monsters. You never polymorphed an object. You never changed form. You used no wishes. You never split a pudding. You wrote Elbereth's name 7 times, starting on turn 1320. You never violated your personal moral code. Dungeon overview: The Dungeons of Doom: levels 1 to 4 Level 1 a long staircase Level 2 an armor shop Level 3 an altar to Set stairs to The Gnomish Mines Level 4 <- You were here a fountain The Gnomish Mines: Level 4 stairs to The Dungeons of Doom History has recorded: On T:1 you entered the Dungeons of Doom to retrieve the Amulet of Yendor! On T:508 you reached level 2 of The Dungeons of Doom. On T:880 you advanced to experience level 2. On T:915 you reached level 3 of The Dungeons of Doom. On T:1190 you reached level 1 of The Gnomish Mines. On T:1250 you advanced to experience level 3. On T:1536 you reached level 4 of The Dungeons of Doom. Score breakdown: Gold: 527 ( 9261 points) Experience: 3 levels ( 7878 points) Exploration: 4 levels ( 8.00%) ( 7423 points) Discoveries: 2 items ( 0.69%) ( 2495 points) Valuables value: (no points given unless you survive) Artifact value: 0 ( 0 points) Variety of kills: 15 monsters ( 3.92%) ( 5937 points) Turncount: 1742 turns ( 0 points) Survival: died (score multiplied by 80%) Total score: 26395 Latest messages: The door opens. $ - 65 gold pieces. You see here a scroll labeled PRATYAVAYAH. M - a scroll labeled PRATYAVAYAH. You see here a golden potion. O - a golden potion. Annie suddenly disappears! Elf needs food, badly! You stop exploring. You begin praying to Set. You are surrounded by a shimmering light. You feel that Set is well-pleased. Your stomach feels content. You finish searching. Nowhere else around here can be automatically explored. The newt bites! You kill the newt! An endless stream of snakes pours forth! The water moccasin misses. The water moccasin bites! (4x) You write in the dust with your fingers. The water moccasin bites! You die... Final status: Goodbye Elrinda the Priestess, killed by a water moccasin... You died in The Dungeons of Doom on dungeon level 4 with 26395 points, and 527 pieces of gold, after 1742 moves. You were level 3 with a maximum of 19 hit points when you died.